 Dungeon Crawl Stone Soup version 0.28.0 (webtiles) character file.

Game seed: 15182875783732774533

0 lawman0 the Vexing (level 1, 0/13 HPs)
             Began as a Human Enchanter on Feb 9, 2022.
             Slain by a quokka (2 damage)
             ... on level 1 of the Dungeon.
             The game lasted 00:00:18 (19 turns).

lawman0 the Vexing (Human Enchanter)                  Turns: 19, Time: 00:00:19

Health: 0/13       AC:  2    Str:  8    XL:     1   Next: 11%
Magic:  3/3        EV: 12    Int: 15    God:
Gold:   0          SH:  0    Dex: 13    Spells: 4/4 levels left

rFire   . . .      SeeInvis .   a - +1 dagger
rCold   . . .      Faith    .   (no shield)
rNeg    . . .      Spirit   .   b - +0 robe
rPois   .          Reflect  .   (no helmet)
rElec   .          Harm     .   (no cloak)
rCorr   .          Rampage  .   (no gloves)
Will    .....                   (no boots)
Stlth   ++........              (no amulet)
HPRegen 0.04/turn               (no ring)
MPRegen 0.08/turn               (no ring)

@: no status effects
A: no striking features
a: no special abilities


You were on level 1 of the Dungeon.
You visited 1 branch of the dungeon, and saw 1 of its levels.

Inventory:

Hand Weapons
 a - a +1 dagger (weapon)
Armour
 b - a +0 robe (worn)
Potions
 c - a potion of invisibility


   Skills:
 * Level 1.0 Short Blades
 + Level 2.0 Dodging
 + Level 3.0 Stealth
 + Level 2.0 Spellcasting
 * Level 3.0 Hexes


You had 4 spell levels left.
You didn't know any spells.
Your spell library contained the following spells:

 Spells                   Type           Power      Damage    Failure   Level
 Ensorcelled Hibernation  Hex/Ice        12%        N/A       19%         2
 Confusing Touch          Hex            10%        N/A       19%         3
 Tukima's Dance           Hex            10%        N/A       19%         3
 Dazzling Flash           Conj/Hex       12%        N/A       34%         3


Dungeon Overview and Level Annotations

Branches:
Dungeon (1/15)

Altars:


Message History

Welcome, lawman0 the Human Enchanter.
It is said that the Orb of Zot exists deep within this dungeon.
Press ? for a list of commands and other information.
Found a staircase leading out of the dungeon.
Enter note: seriously?
You open the large door.
There is a large open door here.
Okay, then.
You enter the shallow water.
Moving in this stuff is going to be slow.
A bat comes into view.
A bat is nearby!
Found a fizzy emerald potion and 9 gold pieces.
A quokka comes into view.
Found a robe.
The bat closely misses you.
Found 15 gold pieces.
The bat barely misses you.
You don't know any spells.
Sorry, you're not good enough to have a special ability.
Unknown command.
You don't know any spells.
You closely miss the bat. The bat barely misses you.
The bat hits you but does no damage.
You hit the bat.
The bat is moderately wounded.
The bat misses you. The quokka bites you.
You barely miss the bat.
The bat is moderately wounded.
The bat hits you. The bat hits you but does no damage. The quokka bites you.
You hit the bat.
You kill the bat!
The quokka bites you.
You are too injured to fight recklessly!
You barely miss the quokka. The quokka closely misses you.
You barely miss the quokka. The quokka bites you.
* * * LOW HITPOINT WARNING * * *
You closely miss the quokka. The quokka misses you.
You hit the quokka.
The quokka is heavily wounded.
The quokka bites you.
You die...

#........≈≈8≈≈≈≈8≈≈#
..........≈≈≈####≈≈≈#
.........§≈≈≈#<.#≈§§#
......$.§§≈≈≈#..#≈§≈#
.........§§§≈#''#≈§≈#
.....#....≈≈8≈≈≈≈8≈≈#
...!......≈8≈≈§≈≈≈8≈#
..........≈≈≈≈≈≈≈≈≈≈#
$......r@..#......###
###...#.#.##......#
#...#.#.##........
#.. #+#.##......#.#
[... .$##......#.#
.##. ..##....... #.
...# ##.#### .#


You could see a quokka.

Vanquished Creatures
  A bat (D:1)
1 creature vanquished.

Notes
Turn   | Place    | Note
-------+----------+-------------------------------------------
     0 | D:1      | lawman0 the Human Enchanter began the quest for the Orb.
     0 | D:1      | Reached XP level 1. HP: 13/13 MP: 3/3
     0 | D:1      | seriously?
    19 | D:1      | Slain by a quokka

Illustrated notes

########### #
# ≈≈≈≈≈≈≈≈≈#
#.#≈ ≈≈≈≈≈≈8≈
...≈≈ ≈≈≈≈8 ≈#
...≈≈≈####≈≈≈#
...≈≈≈#@.#≈≈≈#
...≈≈≈#..#≈≈≈#
...≈≈≈#++#≈≈≈#
...≈≈8 ≈≈#
...≈8 ≈# ...≈≈
# .... .#.#


Turn 0 on D:1: seriously?

Levels and vault maps discovered:
D:1:      lightli_arrival_boilingwater, layout_basic, serial_shops, shop,
          hellmonk_ecumenical_altar_arch_garden

Action                   || total
-------------------------++-------
Melee: Dagger            ||     8
Armor: Robe              ||     2
Dodge: Dodged            ||     6
